 Dungeon Crawl Stone Soup version 0.31.0-11-ge490571c62 (webtiles) character file.

Game seed: 18230329064070919791

162290 Amaterasu the Metamorph (level 17, -8/212 HPs)
             Began as a Troll Shapeshifter on Jan 27, 2024.
             Was an Initiate of Gozag.
             Hit by a silver javelin thrown by a merfolk javelineer (13 damage)
             ... led by Ilsuiw
             ... on level 3 of the Shoals.
             The game lasted 00:56:41 (23836 turns).

Amaterasu the Metamorph (Troll Shapeshifter)       Turns: 23836, Time: 00:56:42

Health: -8/212     AC: 15    Str: 35    XL:     17   Next: 2%
Magic:  10/16      EV: 21    Int:  6    God:    Gozag
Gold:   8057       SH:  7    Dex: 11    Spells: 16/16 levels left

rFire   . .          .
                       - Unarmed
rCold   . . .        (shield currently unavailable)
rNeg    . . .        a - melded +1 animal skin
rPois   +            (helmet currently unavailable)
rElec   .            (cloak currently unavailable)
rCorr   .            (gloves unavailable)
SInv    .            (boots unavailable)
Will    +....        k - amulet of reflection
Stlth   +            e - +5 ring of evasion
HPRegen 1.35/turn    G - ring of the Octopus King {Wiz HP+2 AC+2 EV+2 SH+2}
MPRegen 0.15/turn

%: reflection, wizardry (x1)
@: snake-form, spiked, gold aura, slowed, studying 2 skills, very slow
A: constrict, boosted hp, large, unfitting armour, (claws 3), regeneration 1,
(shaggy fur 1), (tough skin 1), MP-powered wands, (sturdy frame 1)
a: Begin Untransformation, Renounce Religion, Potion Petition, Call Merchant,
Bribe Branch


You were on level 3 of the Shoals.
You worshipped Gozag.
Gozag was greatly pleased with you.
You were an enormous serpent.
You visited 5 branches of the dungeon, and saw 26 of its levels.
You also visited: Ossuary, Ice Cave and Volcano.

You collected 10617 gold pieces.
You spent 630 gold pieces at shops.
You paid 1930 gold pieces to Gozag.

Inventory:

Missiles
 T - 4 throwing nets (quivered)
Armour
 a - a +1 animal skin (melded)
 r - a +0 cloak
 K - the +1 robe "Jauvefoc" {Dex+4 SInv}
   (You found it on level 10 of the Dungeon)

   Dex+4:     It affects your dexterity (+4).
   SInv:      It lets you see invisible.
 N - a +2 kite shield of reflection
Jewellery
 e - a +5 ring of evasion (left hand)
 k - an amulet of reflection (around neck)
 m - a ring of protection from cold
 y - an amulet of regeneration
 E - a ring of flight
 G - a ring of the Octopus King (right hand) {Wiz HP+2 AC+2 EV+2 SH+2}
   (You found it on level 7 of the Dungeon)

   [ring of wizardry]

   Wiz:       It improves your spell success rate.
   AC+2:      It affects your AC (+2).
   EV+2:      It affects your evasion (+2).
   HP+2:      It affects your health (+2).
   SH+2:      It affects your SH (+2).
 H - a ring of see invisible
 Q - a ring of protection from fire
 S - a +4 ring of slaying
 X - a +6 ring of strength
Talismans
 i - a serpent talisman (active)
 V - a blade talisman
Wands
 l - a wand of light (22)
 q - a wand of flame (28)
 u - a wand of iceblast (18)
 v - a wand of charming (18)
 w - a wand of polymorph (19)
 C - a wand of digging (18)
Scrolls
 c - 15 scrolls of identify
 d - 2 scrolls of fog
 j - 7 scrolls of poison
 n - 5 scrolls of revelation
 s - 13 scrolls of teleportation
 D - 5 scrolls of enchant armour
 F - 4 scrolls of amnesia
 J - 3 scrolls of enchant weapon
 R - 3 scrolls of immolation
 U - a scroll of torment
 W - a scroll of fear
Potions
 b - 4 potions of lignification
 f - 2 potions of mutation
 g - 7 potions of curing
 h - 8 potions of haste
 o - 6 potions of heal wounds
 p - 3 potions of cancellation
 t - 3 potions of magic
 x - 3 potions of resistance
 z - 4 potions of brilliance
 A - 10 potions of enlightenment
 B - a potion of attraction
 I - 2 potions of invisibility
 O - 2 potions of might
 P - 7 potions of ambrosia
Miscellaneous
 L - a lightning rod (4/4)
 M - a sack of spiders (inert)


   Skills:
 + Level 12.8 Fighting
 * Level 12.4 Dodging
 * Level 15.1 Unarmed Combat
 - Level 6.0 Evocations
 - Level 16.0 Shapeshifting


You had 16 spell levels left.
You didn't know any spells.
Your spell library contained the following spells:

 Spells                   Type           Power      Damage    Failure   Level
 Apportation              Tloc           0%         N/A       21%         1
 Freeze                   Ice            0%         1d3       21%         1
 Magic Dart               Conj           0%         1d3       21%         1
 Necrotise                Necr           0%         1d4       21%         1
 Slow                     Hex            0%         N/A       21%         1
 Sting                    Conj/Alch      0%         1d3       21%         1
 Summon Small Mammal      Summ           0%         N/A       21%         1
 Searing Ray              Conj           0%         2d4       28%         2
 Call Canine Familiar     Summ           0%         N/A       50%         3
 Confusing Touch          Hex            0%         N/A       50%         3
 Dazzling Flash           Conj/Hex       0%         N/A       50%         3
 Frozen Ramparts          Ice            0%         1d1       50%         3
 Gell's Gravitas          Tloc           0%         N/A       50%         3
 Hailstorm                Conj/Ice       0%         3d5       50%         3
 Mephitic Cloud           Conj/Alch/Air  0%         N/A       50%         3
 Sigil of Binding         Hex            0%         N/A       50%         3
 Stone Arrow              Conj/Erth      0%         3d7       50%         3
 Teleport Other           Tloc           0%         N/A       50%         3
 Vampiric Draining        Necr           0%         2d6       50%         3
 Volatile Blastmotes      Fire/Tloc      0%         2d10      50%         3
 Animate Armour           Summ/Erth      0%         N/A       86%         4
 Brom's Barrelling Bould  Conj/Erth      0%         2d3       86%         4
 Dimensional Bullseye     Hex/Tloc       0%         N/A       86%         4
 Fulminant Prism          Conj/Alch      0%         3d5       86%         4
 Iskenderun's Mystic Bla  Conj/Tloc      0%         2d3       86%         4
 Leda's Liquefaction      Alch/Erth      0%         N/A       86%         4
 Martyr's Knell           Necr/Summ      0%         N/A       86%         4
 Passage of Golubria      Tloc           0%         N/A       86%         4
 Petrify                  Alch/Erth      0%         N/A       86%         4
 Summon Blazeheart Golem  Fire/Summ      0%         N/A       86%         4
 Vhi's Electric Charge    Tloc/Air       0%         N/A       86%         4
 Arcjolt                  Conj/Air       0%         1d10      99%         5
 Borgnjor's Vile Clutch   Necr/Erth      0%         N/A       99%         5
 Fireball                 Conj/Fire      0%         3d3       99%         5
 Iskenderun's Battlesphe  Conj           0%         2d6       99%         5
 Metabolic Englaciation   Hex/Ice        0%         N/A       99%         5
 Silence                  Hex/Air        0%         N/A       99%         5
 Conjure Ball Lightning   Conj/Air       0%         3x3d6     100%        6
 Dispersal                Tloc           0%         N/A       100%        6
 Plasma Beam              Fire/Air       0%         2x1d10    100%        6
 Starburst                Conj/Fire      0%         6d3       100%        6
 Orb of Destruction       Conj           0%         9d5       100%        7
 Summon Hydra             Summ           0%         N/A       100%        7
 Lehudib's Crystal Spear  Conj/Erth      0%         10d2      100%        8
 Maxwell's Capacitive Co  Air            0%         ∞         100%        8


Dungeon Overview and Level Annotations

Branches:
Dungeon (15/15)            Temple (1/1) D:5            Lair (5/5) D:10
 Shoals (3/4) Lair:3       Spider (0/4) Lair:3        Slime (0/5) Lair:5
    Orc (2/2) D:10            Elf (0/3) Orc:2        Vaults (0/5) D:13
 Depths (0/4) D:15        Ossuary (visited)           IceCv (visited)
Volcano (visited)

Altars:
Ashenzari
Cheibriados
Dithmenos
Elyvilon
Fedhas
Gozag
Hepliaklqana
Kikubaaqudgha
Makhleb
Nemelex Xobeh
Okawaru
Qazlal
Ru
Sif Muna
Trog
Uskayaw
Vehumet
Wu Jian
Xom
Yredelemnul
Zin
The Shining One
Lugonu

Shops:
D:3 [=:*[   D:4 (:   D:8 *   D:13 !   Orc:2 [(![

Portals:
Abyss: Orc:1 Lair:5
Trove: D:13 (give +7 demon trident)

Annotations:
Shoals:3 Ilsuiw


Innate Abilities, Weirdness & Mutations

You are an enormous serpent.
You have a powerful constriction melee attack.
Your maximum health is increased.
Your armour is entirely melded.
You are incapable of wielding weapons or throwing items.
You are too large for most types of armour.
((You have claws for hands.))
Your natural rate of healing is unusually fast.
((You are covered in fur. (AC +1)))
((You have tough skin. (AC +1)))
You expend magic power (3 MP) to strengthen your wands.
((Your movements are slightly less encumbered by armour. (ER -2)))


Message History

Ilsuiw freezes you.
The alligator snapping turtle bites you but does no damage.
The merfolk javelineer throws a silver javelin.
The silver javelin misses you.
Aiming: Iceblast
Press: ? - help, Shift-Dir - straight line, f/p - Ilsuiw
Aim: Ilsuiw, wielding a +2 trident of freezing and wearing a +0 robe (lightly wounded)
You feel a surge of power!
The mass of ice explodes!
The iceblast engulfs Ilsuiw!
Ilsuiw is lightly wounded.
The iceblast engulfs the alligator snapping turtle but does no damage.
The alligator snapping turtle is lightly wounded.
You constrict the alligator snapping turtle!
Ilsuiw casts a spell.
Ilsuiw flickers and vanishes!
Deactivating autopickup; reactivate with Ctrl-A.
The merfolk javelineer throws a silver javelin.
The silver javelin pierces through you! The silver sears you!
The alligator snapping turtle misses you.
Something hits you!
You feel as though you will be slow longer.
Something freezes you.
* * * LOW HITPOINT WARNING * * *
You release your grip on the alligator snapping turtle.
The water elemental is no longer distracted by gold.
The merfolk javelineer throws a silver javelin.
The silver javelin barely misses you.
The alligator snapping turtle attacks as it pursues you!
The alligator snapping turtle bites you!!
* * * LOW HITPOINT WARNING * * *
The manticore flicks its tail.
The volley of spikes skewers you!
The barbed spikes become lodged in your body.
* * * LOW HITPOINT WARNING * * *
The merfolk javelineer throws a silver javelin.
The silver javelin pierces through you!!
* * * LOW HITPOINT WARNING * * *
The silver sears you!
You die...
Your body crumbles into a pile of gold.

~~~≈≈≈~.~~~~≈≈≈ ≈≈≈≈≈~~~~
~~≈≈≈≈~~~~~~~≈≈ ≈≈≈~~~~~.
~~~≈≈~~~..~~~~≈ ≈≈≈~~~~~.
~~~~.>~.E..~~~~≈≈~~~~~~~~
≈~~...~.....~~~~~~~~~~~~~
≈≈~~~~E......~~~~~~~~~~~~
≈≈~~~....# ?.~~~~.....~~~
≈≈~H~.$t###...~~..###.~~<
~~~~~~~.Sm.~~~~~. #....
~~~≈~~~~~..~...~. ##...
~~~≈≈≈≈~...~..#.~ ####
~~~~≈≈≈~~..~~.#.~ ##.
~~~~≈≈~~~~~~~.... ###..
..~~~~~~~~~~~~~.. ##....
..~~~~~~~~~~~~~.# #.>..#
...~.~~~~~~~~~~~.###....#
....^.[....~~~~..#..~~..


You could see an alligator snapping turtle, a merfolk javelineer, a manticore
and a water elemental (summoned).

Vanquished Creatures
  The ghost of Tinen the Brawler, a journeyman TrMo of Wu Jian (Orc:1)
  A frost giant (D:14)
  A reaper (IceCv)
  A very ugly thing (Orc:1)
  Nessos (Lair:4)
  An ettin (Orc:1)
  A merfolk impaler (Shoals:1)
  A merfolk javelineer (Shoals:1)
  The ghost of Skimidon the Fighter, a journeyman AtHW of Ru (Lair:1)
  Fannar (Orc:1)
  A great orb of eyes (Orc:1)
  4 hydras
  5 ogre magi
  A catoblepas (Lair:4)
  Harold (Orc:1)
  6 centaur warriors
  A merfolk avatar (Shoals:2)
  Erica (D:8)
  A dancing weapon (D:14)
  A merfolk aquamancer (Shoals:3)
  2 death yaks (Lair:5)
  3 satyrs
  25 two-headed ogres
  4 boulder beetles
  5 tengu warriors
  The ghost of Galthrax the Martial Artist, a novice GnSh of Sif Muna (D:8)
  2 deep troll earth magi
  4 thrashing horrors (Lair:5)
  A hell hog (Orc:1)
  3 orc high priests (Orc:2)
  7 skeletal warriors
  Lodul (D:12)
  5 sea snakes
  4 skysharks
  A deep elf archer (D:15)
  An arcanist (D:13)
  A slime creature (D:14)
  An anaconda skeleton (Volcano)
  7 harpies
  6 orc knights
  Pikel (D:7)
  2 deep elf pyromancers
  9 manticores
  A harpy (shapeshifter) (Orc:1)
  17 ugly things
  6 cyclopes
  3 alligator skeletons (Volcano)
  11 fauns
  4 orc sorcerers (Orc:2)
  A meliai (D:10)
  16 elephants
  7 kobold blastminers
  2 water nymphs
  3 black mambas
  6 gargoyles
  5 merfolk sirens
  2 ice statues (IceCv)
  10 cane toads
  2 large abominations
  A torpor snail (Lair:5)
  Maggie (D:7)
  2 rime drakes
  10 komodo dragons
  A tengu conjurer (D:13)
  7 ice devils
  A queen bee (shapeshifter) (D:13)
  10 merfolk
  2 polar bears
  A wind drake (Shoals:2)
  A polar bear (shapeshifter) (D:14)
  A queen bee (Lair:2)
  3 trolls
  Grinder (D:3)
  7 snapping turtles
  Prince Ribbit (D:8)
  A raiju (Lair:5)
  17 blink frogs
  14 dream sheep
  Sigmund (D:2)
  A dire elephant simulacrum (IceCv)
  A spriggan (Lair:5)
  5 water elementals
  38 yaks
  A spriggan (shapeshifter) (D:15)
  A jumping spider (Lair:3)
  6 wyverns
  2 vampires
  A shadow (D:8)
  A hog (D:7)
  3 ynoxinuls (Lair:5)
  Grum (D:10)
  A yak (shapeshifter) (Lair:5)
  10 basilisks
  2 hogs (shapeshifter)
  5 wraiths
  A warg (Orc:2)
  10 vampire mosquitoes
  16 humans (D:13)
  2 chaos spawn (Lair:5)
  A steam dragon (Lair:2)
  A death yak simulacrum (IceCv)
  3 redbacks (Lair:3)
  A harpy simulacrum (IceCv)
  A hydra simulacrum (IceCv)
  An acid dragon (shapeshifter) (Lair:5)
  An acid dragon (D:11)
  10 water moccasins
  32 orc warriors
  6 black bears
  8 small abominations (Lair:5)
  A laughing skull (Volcano)
  6 centaurs
  20 wolves
  14 ogres
  2 lemures (D:7)
  A weeping skull (Volcano)
  3 kobold brigands
  6 bullfrogs
  2 gnoll sergeants
  5 two-headed ogre simulacra (IceCv)
  A cane toad simulacrum (IceCv)
  5 scorpions
  7 wights
  3 troll skeletons (Volcano)
  37 killer bees
  An elephant simulacrum (IceCv)
  4 spriggan skeletons (Volcano)
  A howler monkey (D:5)
  A bombardier beetle (D:6)
  28 orc priests
  4 hounds
  4 jellies
  Crazy Yiuf (D:3)
  An iguana (D:7)
  A gnoll bouda (Lair:3)
  4 scorpion zombies (Ossuary)
  Ijyb (D:3)
  Natasha (D:3)
  A sleepcap (D:6)
  30 orc wizards
  2 polar bear simulacra (IceCv)
  A spriggan simulacrum (IceCv)
  Terence (D:3)
  2 wolf simulacra (IceCv)
  A troll simulacrum (IceCv)
  3 mummies (Ossuary)
  11 gnolls
  A naga simulacrum (IceCv)
  9 adders
  A shadow imp (D:5)
  15 white imps
  4 ufetubi
  2 adder zombies (Ossuary)
  2 dart slugs
  3 ribbon worms
  80 orcs
  8 ball pythons
  9 bats
  3 endoplasms
  5 giant cockroaches
  4 gnoll zombies (Ossuary)
  5 goblins
  9 hobgoblins
  2 jackals (D:2)
  A quokka (D:3)
  3 frilled lizards
  2 jackal zombies (Ossuary)
  21 kobolds
  5 kobold zombies (Ossuary)
  3 rats (D:2)
894 creatures vanquished.

Vanquished Creatures (collateral kills)
  A sea snake (Shoals:2)
1 creature vanquished.

Vanquished Creatures (others)
  3 orc wizards (Orc:2)
  A hobgoblin (D:3)
4 creatures vanquished.

Grand Total: 899 creatures vanquished

Notes
Turn   | Place    | Note
-------+----------+-------------------------------------------
     0 | D:1      | Amaterasu the Troll Shapeshifter began the quest for the
                  | Orb.
     0 | D:1      | Reached XP level 1. HP: 18/18 MP: 0/0
    96 | D:1      | Reached XP level 2. HP: 26/26 MP: 1/1
   108 | D:1      | Found a faded altar of an unknown god.
   416 | D:2      | Found a sacrificial altar of Ru.
   497 | D:2      | Reached XP level 3. HP: 32/32 MP: 2/2
   615 | D:2      | Reached XP level 4. HP: 40/40 MP: 3/3
   670 | D:2      | Reached skill level 5 in Unarmed Combat
   937 | D:2      | Noticed Sigmund
   964 | D:2      | Killed Sigmund
   965 | D:2      | Reached XP level 5. HP: 24/46 MP: 4/4
   965 | D:2      | Reached XP level 6. HP: 28/54 MP: 5/5
  1271 | D:3      | Identified the +0 leather armour of Vehumet's Pride {rC++
                  | Will+ Str-5 Int+2}
  1274 | D:3      | Noticed Grinder
  1278 | D:3      | Paralysed by Grinder for 5 turns
  1290 | D:3      | Killed Grinder
  1407 | D:3      | Found a runed translucent door.
  1408 | D:3      | Noticed Crazy Yiuf
  1430 | D:3      | Found Kunesk's Book Shoppe.
  1437 | D:3      | Found Vuozxige's Jewellery Emporium.
  1442 | D:3      | Noticed Ijyb
  1451 | D:3      | Killed Ijyb
  1452 | D:3      | Reached XP level 7. HP: 38/61 MP: 6/6
  1493 | D:3      | Found Luscha's Assorted Antiques.
  1501 | D:3      | Found Zakhlis's Antique Armour Emporium.
  1605 | D:3      | Noticed Terence
  1607 | D:3      | Killed Terence
  1608 | D:3      | Reached skill level 1 in Fighting
  1727 | D:3      | Found an ancient bone altar of Kikubaaqudgha.
  1728 | D:3      | Found Bohaj's Armour Boutique.
  1734 | D:3      | Noticed Natasha
  1737 | D:3      | Killed Natasha
  1906 | D:3      | Killed Crazy Yiuf
  2089 | D:4      | Found Ydaaku's Vocational Training.
  2153 | D:4      | Reached skill level 4 in Shapeshifting
  2157 | D:4      | Found a basalt altar of Yredelemnul.
  2299 | D:4      | Found Juefitel's Antique Weapon Shoppe.
  2351 | D:4      | Found a sparkling altar of Nemelex Xobeh.
  2478 | D:4      | Found a shimmering altar of Xom.
  2487 | D:5      | Entered Level 5 of the Dungeon
  2508 | D:5      | Found a staircase to the Ecumenical Temple.
  2516 | Temple   | Entered the Ecumenical Temple
  2592 | Temple   | Became a worshipper of Gozag Ym Sagoz the Greedy
  2761 | D:5      | Reached XP level 8. HP: 74/75 MP: 7/7
  2765 | D:5      | Reached skill level 5 in Shapeshifting
  2781 | D:5      | Found a sand-covered staircase.
  2785 | Ossuary  | Entered an ossuary
  3146 | D:5      | Reached skill level 6 in Shapeshifting
  3175 | D:5      | Found a burning altar of Makhleb.
  4139 | D:7      | Noticed Pikel
  4158 | D:7      | Killed Pikel
  4159 | D:7      | Reached skill level 7 in Shapeshifting
  4159 | D:7      | Reached XP level 9. HP: 74/84 MP: 8/8
  4251 | D:7      | Noticed a manticore
  4251 | D:7      | Found a runed translucent gate.
  4252 | D:7      | Found a runed translucent gate.
  4252 | D:7      | Noticed a manticore
  4253 | D:7      | Noticed a polar bear
  4253 | D:7      | Found a runed translucent gate.
  4257 | D:7      | Found the ring of the Octopus King
  4435 | D:7      | Noticed Maggie
  4444 | D:7      | Killed Maggie
  4445 | D:7      | Reached skill level 8 in Shapeshifting
  5073 | D:7      | Killed a polar bear
  5074 | D:7      | Reached skill level 5 in Fighting
  5074 | D:7      | Reached skill level 9 in Shapeshifting
  5089 | D:7      | Killed a manticore
  5090 | D:7      | Reached skill level 10 in Shapeshifting
  5090 | D:7      | Reached XP level 10. HP: 63/98 MP: 9/9
  5100 | D:7      | Killed a manticore
  5127 | D:7      | Got the Lectures on Creation
  5136 | D:7      | Identified a ring of the Octopus King {Wiz HP+2 AC+2 EV+2
                  | SH+2}
  5295 | D:8      | Found a glowing silver altar of Zin.
  5414 | D:8      | Found Guuc Pic's General Store.
  5437 | D:8      | Noticed Prince Ribbit
  5456 | D:8      | Killed Prince Ribbit
  5655 | D:8      | Noticed Erica
  5663 | D:8      | Killed Erica
  5700 | D:8      | Found a runed translucent gate.
  5701 | D:8      | Found a runed translucent gate.
  5702 | D:8      | Found a runed translucent gate.
  5704 | D:8      | Noticed Galthrax's ghost (novice GnSh)
  5970 | D:8      | Killed Galthrax's ghost
  6144 | D:9      | Found a shimmering blue altar of Sif Muna.
  6261 | D:9      | Reached XP level 11. HP: 113/113 MP: 10/10
  6353 | D:9      | Found a white marble altar of Elyvilon.
  6635 | D:9      | Noticed a two-headed ogre
  6640 | D:9      | Killed a two-headed ogre
  6641 | D:9      | Reached skill level 10 in Unarmed Combat
  6771 | D:10     | Entered Level 10 of the Dungeon
  6995 | D:10     | Found a staircase to the Orcish Mines.
  7027 | D:10     | Noticed Grum
  7035 | D:10     | Killed Grum
  7212 | D:10     | Noticed a two-headed ogre
  7216 | D:10     | Noticed a deep elf pyromancer
  7218 | D:10     | Killed a two-headed ogre
  7222 | D:10     | Noticed an orc knight
  7230 | D:10     | Killed an orc knight
  7235 | D:10     | Reached skill level 5 in Dodging
  7237 | D:10     | Killed a deep elf pyromancer
  7272 | D:10     | Got the Textbook on Electric Malignant Deeds
  7284 | D:10     | Identified the +1 robe "Jauvefoc" {Dex+4 SInv}
  7289 | D:10     | Noticed a tengu warrior
  7289 | D:10     | Noticed a red ugly thing
  7294 | D:10     | Killed a red ugly thing
  7303 | D:10     | Killed a tengu warrior
  7778 | D:10     | Found a staircase to the Lair.
  7905 | D:11     | Noticed a boulder beetle
  7922 | D:11     | Reached XP level 12. HP: 126/126 MP: 11/11
  7927 | D:11     | Killed a boulder beetle
  8251 | D:11     | Found a frozen archway.
  8271 | D:11     | Reached skill level 10 in Fighting
  8289 | IceCv    | Entered an ice cave
  8648 | IceCv    | Noticed a reaper
  8655 | IceCv    | Killed a reaper
  8866 | D:11     | Noticed a two-headed ogre
  8871 | D:11     | Killed a two-headed ogre
  9043 | Lair:1   | Entered Level 1 of the Lair of Beasts
  9192 | Lair:1   | Reached skill level 11 in Shapeshifting
  9567 | Lair:1   | Found a runed translucent door.
  9567 | Lair:1   | Noticed Skimidon's ghost (journeyman AtHW)
  9594 | Lair:1   | Killed Skimidon's ghost
  9761 | Lair:2   | Found a dark tunnel.
  9770 | Volcano  | Entered a volcano
  9828 | Volcano  | Reached XP level 13. HP: 133/133 MP: 12/12
 10498 | Lair:2   | Reached skill level 12 in Shapeshifting
 10584 | Lair:2   | Found a hide-covered altar of Uskayaw.
 11674 | Lair:3   | Found a staircase to the Shoals.
 11844 | Lair:3   | Found a hole to the Spider Nest.
 12036 | Lair:4   | Reached skill level 13 in Shapeshifting
 12189 | Lair:4   | Noticed Nessos
 12201 | Lair:4   | Killed Nessos
 12637 | Lair:4   | Reached XP level 14. HP: 143/143 MP: 13/13
 12845 | Lair:5   | Entered Level 5 of the Lair of Beasts
 13008 | Lair:5   | Reached skill level 14 in Shapeshifting
 13282 | Lair:5   | Got an earthy gem with 15 turns to spare
 13295 | Lair:5   | Identified the +10 spear of Defilement {elec, rC+}
 13833 | Lair:5   | Found a staircase to the Slime Pits.
 14267 | Lair:5   | Found a corrupted altar of Lugonu.
 14267 | Lair:5   | Found a one-way gate to the infinite horrors of the Abyss.
 15077 | D:12     | Noticed Lodul
 15089 | D:12     | Killed Lodul
 15202 | D:12     | Reached skill level 15 in Shapeshifting
 15323 | Orc:1    | Entered Level 1 of the Orcish Mines
 15331 | Orc:1    | Reached skill level 10 in Dodging
 15367 | Orc:1    | Noticed a purple very ugly thing
 15389 | Orc:1    | Found a transporter.
 15393 | Orc:1    | Noticed Tinen's ghost (journeyman TrMo)
 15444 | Orc:1    | Noticed Harold
 15455 | Orc:1    | Noticed Fannar
 15460 | Orc:1    | Killed Harold
 15477 | Orc:1    | Killed Fannar
 15769 | Orc:1    | Found a transporter.
 15975 | Orc:1    | Killed a purple very ugly thing
 15982 | Orc:1    | Killed Tinen's ghost
 15995 | Orc:1    | Reached XP level 15. HP: 66/149 MP: 14/14
 16161 | Orc:2    | Entered Level 2 of the Orcish Mines
 16184 | Orc:2    | Reached skill level 16 in Shapeshifting
 16560 | Orc:2    | Found a staircase to the Elven Halls.
 16863 | Orc:2    | Reached skill level 1 in Evocations
 16912 | Orc:2    | Found Acvoeh's Armour Shop.
 16912 | Orc:2    | Found Feur Edu's Armour Boutique.
 16912 | Orc:2    | Found Conuthuf's Distillery.
 17025 | Orc:2    | Found Oturusha's Antique Weapon Shop.
 17031 | Orc:2    | Bought a potion of heal wounds for 75 gold pieces
 17031 | Orc:2    | Bought a potion of might for 60 gold pieces
 17031 | Orc:2    | Bought a potion of heal wounds for 75 gold pieces
 17031 | Orc:2    | Bought a potion of resistance for 150 gold pieces
 17270 | D:13     | Found a gate to the Vaults.
 17314 | D:13     | Found a shadowy altar of Dithmenos.
 17791 | D:13     | Found a portal to a secret trove of treasure.
 17837 | D:13     | Identified the +0 scale mail of Tortelloni {+Inv rPois
                  | rCorr Stlth-}
 17989 | D:13     | Found Yhuon's Distillery.
 18000 | D:13     | Bought a potion of curing for 45 gold pieces
 18000 | D:13     | Bought a potion of heal wounds for 75 gold pieces
 18000 | D:13     | Bought a potion of resistance for 150 gold pieces
 18363 | D:13     | Gained mutation: You expend magic power (3 MP) to
                  | strengthen your wands. [potion of mutation]
 18363 | D:13     | Gained mutation: Your movements are slightly less
                  | encumbered by armour. (ER -2) [potion of mutation]
 18606 | D:14     | Noticed a frost giant
 18617 | D:14     | Killed a frost giant
 19706 | D:15     | Entered Level 15 of the Dungeon
 19938 | D:15     | Paralysed by an ogre mage for 3 turns
 20019 | D:15     | Reached XP level 16. HP: 162/162 MP: 15/15
 20169 | D:15     | Paralysed by an ogre mage for 5 turns
 20689 | D:15     | Reached skill level 5 in Evocations
 20810 | D:15     | Found a staircase to the Depths.
 21251 | Shoals:1 | Entered Level 1 of the Shoals
 23734 | Shoals:3 | Reached skill level 15 in Unarmed Combat
 23736 | Shoals:3 | Reached XP level 17. HP: 169/175 MP: 16/16
 23825 | Shoals:3 | Noticed Ilsuiw
 23836 | Shoals:3 | HP: 5/212 [merfolk javelineer/silver javelin[Ilsuiw] (18)]
 23836 | Shoals:3 | Hit by a silver javelin thrown by a merfolk javelineer

Illustrated notes

Levels and vault maps discovered:
D:1:      ncdulo_wetmaze, layout_rooms, hellmonk_ecumenical_altar_heavens_door,
          minmay_strange_pillars, nrook_mini_backslash
D:2:      layout_loops_ring, basic_altar, chequers_serial_rivers_micro_b,
          grunt_ministairs_1, uniq_sigmund
D:3:      layout_loops_cross, kiku_gazebo_garden_becter, serial_shops, shop,
          nicolae_shop_advertising_works [nicolae_subvault_shop_adworks], shop,
          shop, shop, uniq_grinder, uniq_terence, uniq_crazy_yiuf_cottage,
          uniq_natasha, uniq_ijyb
D:4:      layout_rooms, mainiacjoe_overflow_swirl, mainiacjoe_overflow_chevrons,
          serial_shops, kennysheep_little_box, minmay_misc_feat_rows,
          nicolae_shop_vocational
D:5:      layout_basic, makhleb_grotto_becter, minmay_temple_entry_stoned_glass,
          enter_ossuary_5, minmay_starry_boxes
D:6:      layout_basic
D:7:      lemuel_bear_cage, layout_loops_cross, st_stairs_12, uniq_maggie,
          uniq_pikel
D:8:      layout_basic, mainiacjoe_overflow_tiny_flanked, serial_shops, shop,
          gammafunk_ghost_spectres, uniq_prince_ribbit1, uniq_erica
D:9:      layout_roguey, elyvilon_altar_3, lemuel_crystal_altar
D:10:     minmay_the_grid_four_pointed_star_mashed
          [minmay_the_grid_triangle_9x9_windchime,
          minmay_the_grid_triangle_9x9_zippers_vertical,
          minmay_the_grid_triangle_9x9_corruption,
          minmay_the_grid_triangle_9x9_stretched_checkered,
          minmay_the_grid_prize_four_corners_diamond_b], layout_small_grid,
          orc_0_dummy, uniq_grum
D:11:     layout_roguey, portal_ice_cave_entry_imps
D:12:     layout_roguey [special_room_orc], kennysheep_generic_room_12,
          uniq_lodul
D:13:     layout_cave_pods, david_vaults_3, nicolae_trove_entry_columns,
          serial_shops, shop, grunt_dithmenos_smoke
D:14:     minmay_textured_paths, layout_layer_cave, minmay_misc_feat_nine_boxes
D:15:     hellmonk_depths_entry_around_the_bend, layout_basic
Temple:   jpeg_temple_clearing
Lair:1:   layout_cellular_growth, hellmonk_ghost_happy_afterlife,
          lemuel_fruit_tree
Lair:2:   layout_cellular_growth, basic_altar, special_room [special_room_bee],
          nicolae_volcano_entry_lava_flow, st_stairs_11
Lair:3:   layout_roguey, minmay_shoals_entry_hut, spider_nest_entry_a,
          dreamdust_gnoll_shepherd, grunt_megastairs_4
Lair:4:   layout_gridlike, uniq_nessos
Lair:5:   hellmonk_lair_end_abyssal_woods, layout_gridlike, slime_entry_1,
          grunt_megastairs_2
Shoals:1: layout_shoals
Shoals:2: layout_shoals, nicolae_shoals_lost_giant_temple,
          nicolae_shoals_siren_and_animal_friends
Shoals:3: layout_shoals, nicolae_tricolors, uniq_ilsuiw, uniq_bai_suzhen
Orc:1:    layout_diamond_mine, gammafunk_ghost_abyssal_escape, mines2_david,
          uniq_fannar, uniq_harold
Orc:2:    st_orc_mages, layout_diamond_mine

Skill      XL: |  1  2  3  4  5  6  7  8  9 10 11 12 13 14 15 16 |
---------------+-------------------------------------------------+-----
Unarmed Combat | 4 6 8 9 11 13 14 15 | 15.1
Fighting       | 3 4 6 8 9 10 11 12 | 12.8
Shapeshifting  | 4 7 10 11 13 15 16 | 16.0
Dodging        | 3 5 6 8 10 12 | 12.4
Evocations     | 4 6 |  6.0

Action                     |  1- 3 |  4- 6 |  7- 9 | 10-12 | 13-15 | 16-18 || total
---------------------------+-------+-------+-------+-------+-------+-------++-------
  Melee: Unarmed           |    61 |    78 |   241 |   558 |  1176 |   385 ||  2499
         Punch             |     2 |     1 |    12 |     1 |       |       ||    16
         Constrict         |       |       |       |    99 |   245 |    94 ||   438
 Invoke: Potion Petition   |       |       |     1 |       |     3 |       ||     4
  Evoke: Sack of spiders   |       |       |       |       |       |     1 ||     1
         Wand              |       |       |       |       |       |     2 ||     2
    Use: Scroll            |     1 |     5 |     7 |    12 |     3 |       ||    28
         Potion            |       |       |     2 |       |     7 |     1 ||    10
   Stab: Sleeping          |       |       |     1 |     1 |       |       ||     2
         Distracted        |       |       |       |       |     6 |     2 ||     8
         Confused          |       |       |       |       |       |     1 ||     1
 Armour: Animal skin       |    30 |    62 |   113 |    19 |       |       ||   224
         Skin              |       |       |       |   204 |   613 |   243 ||  1060
  Dodge: Dodged            |    31 |    38 |    75 |   307 |   580 |   297 ||  1328
  Block: Other             |       |    11 |    48 |   128 |   252 |   107 ||   546
         Reflection        |       |     1 |     1 |     7 |    17 |    15 ||    41
   Form: Serpent           |       |       |       |     1 |       |       ||     1
